 Dungeon Crawl Stone Soup version 0.13.0-13-g27bfa31 (webtiles) character file.

6895 Daniel the Bludgeoner (level 11, 0/96 HPs)
             Began as a Gargoyle Berserker on Oct 19, 2013.
             Was a High Priest of Trog.
             Slain by an unseen horror (4 damage)
             ... on Level 12 of the Dungeon.
             The game lasted 00:19:27 (2999 turns).

Daniel the Bludgeoner (Gargoyle Berserker)          Turns: 2999, Time: 00:19:27

HP   0/96        AC 27     Str 28      XL: 11   Next:  1%
MP  10/10        EV 10     Int  9      God: Trog [*****.]
Gold 309         SH  0     Dex 12      Spells:  0 memorised, 10 levels left

Res.Fire  : . . .   See Invis. : .   K - +3,+2 orc whip (venom)
Res.Cold  : . . .   Warding    : .   x - +8 ring mail of Dim Light {+Blink}
Life Prot.: + . .   Conserve   : .   (no shield)
Res.Poison: +       Res.Corr.  : .   d - +0 helmet
Res.Elec. : +       Clarity    : .   m - +0 cloak
Sust.Abil.: . .     Spirit.Shd : .   l - +0 pair of dwarf gauntlets
Res.Mut.  : +       Stasis     : .   S - +1 pair of dwarf boots
Res.Rott. : +       Flight     : .   P - amulet of resist mutation
Saprovore : . . .                    U - ring of sustenance
                                     O - +3 ring of dexterity

@: regenerating, berserking (expiring), very quick, very resistant to hostile
enchantments, extremely unstealthy
A: fangs 1, talons 2, life protection 1, electricity resistance, slow metabolism
1, unbreathing, petrification resistance, AC +7
a: Burn Spellbooks, Berserk, Trog's Hand, Brothers in Arms, Renounce Religion,
Evoke Blink


You were on level 12 of the Dungeon.
You worshipped Trog.
Trog was extremely pleased with you.
You were hungry.

You visited 1 branch of the dungeon, and saw 12 of its levels.

You collected 344 gold pieces.
You spent 55 gold pieces at shops.

Inventory:

Hand weapons
 a - a cursed +0,+0 mace
 v - a +0,+2 orcish flail
 z - a +1,+0 flail of crushing
 A - a +2,+2 flail of protection
 E - a +1 blowgun
 K - a +3,+2 orcish whip of venom (weapon)
Missiles
 k - 8 steel javelins (quivered)
 F - 23 poisoned needles
Armour
 d - a +0 helmet (worn)
 l - a +0 pair of dwarven gauntlets (worn)
 m - a +0 cloak (worn)
 x - the +8 ring mail of Dim Light (worn) {+Blink}
   (You found it on level 4 of the Dungeon)

   It lets you blink.
 L - a +0 orcish plate armour
 S - a +1 pair of dwarven boots (worn)
Magical devices
 y - a wand of frost (12)
 Q - a wand of magic darts (13)
 T - a wand of digging (10)
Comestibles
 c - 2 bread rations
 q - 3 meat rations
 t - 2 apples
 H - 6 sultanas
 M - 3 royal jellies
 N - 4 honeycombs
 V - 15 grapes
Scrolls
 e - 2 scrolls of identify
 f - 2 scrolls of enchant weapon II {unknown}
 g - a scroll of curse jewellery {unknown}
 h - 5 scrolls of remove curse
 i - 4 scrolls of teleportation {unknown}
 p - 2 scrolls of enchant armour {unknown}
 r - 2 scrolls of magic mapping {unknown}
 C - a scroll of immolation {unknown}
 G - a scroll of recharging {unknown}
Jewellery
 b - an uncursed amulet of resist corrosion
 O - a +3 ring of dexterity (left hand)
 P - an amulet of resist mutation (around neck)
 U - a ring of sustenance (right hand)
Potions
 j - 2 potions of restore abilities
 o - a potion of porridge
 s - 4 potions of curing
 B - 2 potions of flight
 J - a potion of resistance
Books
 w - a book of Minor Magic

   Spells                             Type                      Level
   Magic Dart                         Conjuration                  1
   Blink                              Translocation                2
   Call Imp                           Summoning                    2
   Repel Missiles                     Charms/Air                   2
   Slow                               Hexes                        2
   Conjure Flame                      Conjuration/Fire             3
   Mephitic Cloud                     Conjuration/Poison/Air       3
   Trog disapproves of the use of such an item.
 R - a book of the Warp

   Spells                             Type                      Level
   Recall                             Summoning/Translocation      3
   Control Teleport                   Charms/Translocation         4
   Phase Shift                        Translocation                5
   Warp Weapon                        Charms/Translocation         5
   Dispersal                          Translocation                6
   Controlled Blink                   Translocation                7
   Disjunction                        Translocation                8
   Trog disapproves of the use of such an item.


   Skills:
 + Level 6.1 Fighting
 - Level 16.0 Maces & Flails
 + Level 4.2 Armour
 - Level 1.5 Dodging


You had 10 spell levels left.
You didn't know any spells.

Dungeon Overview and Level Annotations

Branches:
Dungeon (12/27)               Orc (0/4) D:7
 Temple: D:4-7         Lair: D:8-13

Altars:
Yredelemnul

Shops:
D:4 (   D:11 ?

Annotations:
D:6 Sigmund


Innate Abilities, Weirdness & Mutations

You are resistant to torment.
You are immune to poison.
Your stone body is very resilient (AC +7).
You have very sharp teeth.
You have razor-sharp toenails.
You resist negative energy.
You are resistant to electric shocks.
You have a slow metabolism.
You can survive without breathing.
You are immune to petrification.


Message History

You kill the ice beast!
Trog accepts your kill.
Your Fighting skill increases to level 6!
Your Armour skill increases to level 4!
You have reached level 11!
It hits you but does no damage. The ice beast completely misses you.
The centaur hits you.
* * * LOW HITPOINT WARNING * * *
You whack the centaur!
The centaur is poisoned.
The centaur is heavily wounded.
It hits you but does no damage.
You whack the centaur!
You kill the centaur!
Trog accepts your kill. It hits you.
* * * LOW HITPOINT WARNING * * *
You whack the ice beast!
The ice beast is heavily wounded.
It hits you.
You die...

#.#...... .#.#.......
.#.#....(...
.###..#.........
.#........%.....#
#.......#........#..
#.#....c..#...#....
......##Z#.(###......
#.#...$)@).#...#
......#)(I.#.<.# .#.
#....#...# .
.......###.#
#.###.##.. ## #. #.#
### . ..# ## ###


You could see an ice beast, a centaur and a two-headed ogre zombie.

Vanquished Creatures
  A hill giant (D:11)
  Joseph (D:10)
  Maurice (D:8)
  Psyche (D:10)
  A queen bee (D:9)
  A two-headed ogre (D:11)
  A trapdoor spider (D:10)
  A hungry ghost (D:8)
  2 hippogriffs
  Edmund (D:8)
  A manticore (D:11)
  A necrophage (D:8)
  4 ice beasts
  A black bear (D:9)
  3 orc warriors
  An ogre (D:10)
  5 centaurs (D:12)
  5 giant frogs
  5 wights (D:9)
  24 killer bees
  A goliath beetle (D:9)
  3 crimson imps
  A giant frog zombie (D:10)
  A scorpion (D:9)
  A giant frog skeleton (D:4)
  2 orc priests
  A quasit (D:11)
  2 hounds
  2 iguanas
  5 worker ants
  A black bear skeleton (D:4)
  2 orc wizards
  A mummy (D:9)
  6 adders
  A gnoll (D:5)
  A giant centipede (D:11)
  2 worms
  3 giant geckos
  9 orcs
  5 bats
  2 giant cockroaches
  6 goblins
  7 hobgoblins
  6 jackals
  7 kobolds
  4 quokkas
  2 giant newts
  2 giant spores
  A goblin skeleton (D:4)
  6 rats
  8 ballistomycetes
162 creatures vanquished.

Vanquished Creatures (others)
  3 orcs
  A giant spore (D:11)
4 creatures vanquished.

Grand Total: 166 creatures vanquished

Notes
Turn   | Place    | Note
--------------------------------------------------------------
     0 | D:1      | Daniel, the Gargoyle Berserker, began the quest for the Orb.
     0 | D:1      | Reached XP level 1. HP: 14/14 MP: 0/0
    35 | D:1      | Reached XP level 2. HP: 9/19 MP: 1/1
    59 | D:1      | Reached skill level 4 in Maces & Flails
   336 | D:3      | Reached XP level 3. HP: 24/24 MP: 2/2
   342 | D:3      | Acquired Trog's second power
   451 | D:4      | Reached skill level 5 in Maces & Flails
   451 | D:4      | Reached XP level 4. HP: 21/28 MP: 3/3
   490 | D:4      | Reached skill level 6 in Maces & Flails
   490 | D:4      | Reached XP level 5. HP: 24/33 MP: 4/4
   503 | D:4      | Found Duhotsoy's Antique Weapon Boutique.
   561 | D:4      | Got a fine ring mail
   576 | D:4      | Identified the +8 ring mail of Dim Light {+Blink} (You found it on level 4 of the Dungeon)
   609 | D:5      | Entered Level 5 of the Dungeon
   769 | D:6      | Reached skill level 7 in Maces & Flails
   769 | D:6      | Reached XP level 6. HP: 35/38 MP: 5/5
   777 | D:6      | Noticed Sigmund
   891 | D:7      | Found a staircase to the Orcish Mines.
   918 | D:8      | Noticed a necrophage
   926 | D:8      | Killed a necrophage
   926 | D:8      | Reached skill level 8 in Maces & Flails
   926 | D:8      | Reached XP level 7. HP: 37/42 MP: 6/6
   938 | D:8      | Noticed Edmund
   949 | D:8      | Killed Edmund
   949 | D:8      | Reached skill level 9 in Maces & Flails
  1006 | D:8      | Noticed Maurice
  1038 | D:8      | Noticed a hippogriff
  1079 | D:8      | Killed Maurice
  1079 | D:8      | Reached skill level 10 in Maces & Flails
  1079 | D:8      | Reached XP level 8. HP: 48/48 MP: 7/7
  1102 | D:8      | Killed a hippogriff
  1102 | D:8      | Reached skill level 11 in Maces & Flails
  1119 | D:8      | Noticed a hungry ghost
  1131 | D:8      | Killed a hungry ghost
  1215 | D:9      | Reached skill level 12 in Maces & Flails
  1297 | D:9      | Reached XP level 9. HP: 39/52 MP: 8/8
  1552 | D:9      | Reached skill level 13 in Maces & Flails
  1623 | D:9      | Acquired Trog's third power
  1657 | D:9      | Noticed a queen bee
  1671 | D:9      | Killed a queen bee
  1671 | D:9      | Reached skill level 14 in Maces & Flails
  1896 | D:10     | Entered Level 10 of the Dungeon
  1914 | D:10     | Found a basalt altar of Yredelemnul.
  1962 | D:10     | Noticed Psyche
  1972 | D:10     | Killed Psyche
  1972 | D:10     | Reached XP level 10. HP: 57/57 MP: 9/9
  2009 | D:10     | Reached skill level 15 in Maces & Flails
  2028 | D:10     | Noticed Joseph
  2043 | D:10     | Killed Joseph
  2396 | D:11     | Found Zuezaciu's Magic Scroll Shoppe.
  2410 | D:11     | Bought a scroll of identify for 22 gold pieces
  2410 | D:11     | Bought a scroll of remove curse for 33 gold pieces
  2786 | D:11     | Reached skill level 16 in Maces & Flails
  2840 | D:11     | Noticed a hill giant
  2860 | D:11     | Killed a hill giant
  2860 | D:11     | Reached skill level 5 in Fighting
  2996 | D:12     | Reached XP level 11. HP: 8/64 MP: 10/10
  2998 | D:12     | HP: 4/96 [something (2)]
  2999 | D:12     | Slain by an unseen horror

Action                   |  1- 3 |  4- 6 |  7- 9 | 10-12 || total
-------------------------+-------+-------+-------+-------++-------
Melee: Mace              |    65 |       |       |       ||    65
       Flail             |     3 |    64 |   150 |    12 ||   229
       Whip              |       |       |   117 |   234 ||   351
 Fire: Blowgun           |       |       |     7 |       ||     7
Throw: Javelin           |       |       |     2 |       ||     2
Invok: Berserk           |       |     1 |     6 |     3 ||    10
       Trog's Hand       |       |       |     1 |     2 ||     3
Evoke: Wand              |       |       |       |     4 ||     4
  Use: Scroll            |       |       |     2 |     7 ||     9
